 Dungeon Crawl Stone Soup version 0.15.2 (webtiles) character file.

1663 GhostOklob the Basher (level 8, -5/68 (69) HPs)
             Began as a Deep Dwarf Berserker on Nov 7, 2015.
             Was a Priest of Trog.
             Slain by a human zombie (6 damage)
             ... on Level 8 of the Dungeon.
             The game lasted 00:07:25 (2127 turns).

GhostOklob the Basher (Deep Dwarf Berserker)        Turns: 2127, Time: 00:07:25

HP  -5/68 (69)   AC  0     Str 22      XL: 8   Next: 69%
MP   5/5         EV 12     Int  7      God: Trog [***...]
Gold 185         SH  0     Dex 14      Spells:  0 memorised,  7 levels left

rFire  . . .     SeeInvis .     g - +0 shortbow
rCold  . . .     Clarity  .     (no armour)
rNeg   . . .     rCorr    .     (no shield)
rPois  .         rRot     .     (no helmet)
rElec  .         Spirit   .     (no cloak)
SustAb .         Warding  .     (no gloves)
rMut   .         Stasis   .     (no boots)
Gourm  .                        (no amulet)
MR     +....                    (no ring)
                                (no ring)

@: exhausted, non-regenerating, rotting, slowed, drained, very slow, somewhat
resistant to hostile enchantments, very unstealthy
A: damage resistance, recharge devices, sense surroundings 1, slow healing 3
a: Device Recharging, Burn Spellbooks, Berserk, Trog's Hand, Renounce Religion


You were on level 8 of the Dungeon.
You worshipped Trog.
Trog was most pleased with you.
You were hungry.

You visited 1 branch of the dungeon, and saw 8 of its levels.

You collected 185 gold pieces.


Innate Abilities, Weirdness & Mutations

You are resistant to damage.
You can recharge devices by infusing magical energy.
You passively map a small area around you.
You do not heal naturally.


   Skills:
 + Level 3.0(2.4) Fighting
   Level 11.2(10.5) Maces & Flails
 - Level 2.1(1.6) Armour
 - Level 2.1(1.6) Dodging


You had 7 spell levels left.
You didn't know any spells.

Inventory:

Hand weapons
 g - a +0 shortbow (weapon)
 o - a +0 hunting sling
Armour
 r - the +2 robe of Music {Str+5 Dex-3 Int+4, unknown}
   (You found it on level 6 of the Dungeon)

   It affects your strength (+5).
   It affects your intelligence (+4).
   It affects your dexterity (-3).
Magical devices
 c - a wand of heal wounds (0) {!d@v2}
Comestibles
 d - 3 bread rations
 h - a chunk of jackal flesh
Scrolls
 b - a scroll of immolation {!r}
 e - a scroll of enchant armour
 f - a scroll of amnesia
 j - a scroll of random uselessness {unknown}
 n - 2 scrolls of identify {@r1}
 p - a scroll of fear
 t - a scroll of remove curse
Jewellery
 q - an uncursed amulet of resist corrosion {unknown}

Dungeon Overview and Level Annotations

Branches:
Dungeon (8/15)             Temple (0/1) D:7
   Lair: D:8-11

Altars:
Dithmenos
Yredelemnul

#########** * * ,
#[#.#.#_# ..
#+#+#Z#'#(#'##### .#
#.....g.%....'..# *.##
#+#+#z#Z#'#'###.####...
* #.#.#.#.##8.....#
*#############.#.# * ,
, ###..(.#.### , ,, ,
+....>...... ,
.###.####.### > , ,
..##.........
..#......###


You could see a wight and 2 human zombies.


Message History

* * * LOW HITPOINT WARNING * * *
The wight barely misses you.
You hit the wight but do no damage.
The wight is heavily damaged.
The human zombie barely misses you. The wight misses you.
The human zombie hits you!
* * * LOW HITPOINT WARNING * * *
The human zombie hits you.
* * * LOW HITPOINT WARNING * * *
You hit the wight.
The wight is heavily damaged.
The wight misses you. The human zombie hits you.
* * * LOW HITPOINT WARNING * * *
The human zombie hits you.
* * * LOW HITPOINT WARNING * * *
The wight misses you. The human zombie hits you.
* * * LOW HITPOINT WARNING * * *
Wield which item (- for none, * to show all)? (? for menu, Esc to quit)
g - a +0 shortbow (weapon)
You close the door.
The wight barely misses you. The human zombie barely misses you.
The human zombie hits you!
* * * LOW HITPOINT WARNING * * *
The wight hits you with a falchion of freezing.
* * * LOW HITPOINT WARNING * * *
The wight freezes you. As you open the door, it creaks loudly!
The human zombie hits you.
* * * LOW HITPOINT WARNING * * *
The human zombie hits you!
You die...

Action                   |  1- 3 |  4- 6 |  7- 9 || total
-------------------------+-------+-------+-------++-------
Melee: Mace              |   101 |   136 |   227 ||   464
       Shortbow          |       |       |     4 ||     4
       Unarmed           |       |       |     3 ||     3
Invok: Berserk           |     1 |     2 |     3 ||     6
       Trog's Hand       |       |       |     1 ||     1
 Abil: Device Recharging |       |     1 |     2 ||     3
Evoke: Wand              |     1 |     3 |    13 ||    17
  Use: Scroll            |       |       |     6 ||     6
       Potion            |       |       |     2 ||     2
 Stab: Sleeping          |     2 |       |       ||     2
  Eat: Fruit             |     2 |       |       ||     2
       Chunk             |       |     2 |     4 ||     6
       Royal jelly       |       |       |     1 ||     1
       Beef jerky        |       |       |     1 ||     1

Vault maps used:
D:1:      lightli_arrival_statuegarden
D:2:      overflow_temple_1_default, first_bread, fountainhead,
          kennysheep_generic_room_8
D:3:      trog_eyes_of_draining
D:5:      wad_pebble_path
D:6:      basic_altar, nicolae_qazlal_eye_of_the_storm
D:7:      minmay_temple_entry_glassed_door
D:8:      tso_oasis_becter, serial_bayou_pond_d, hangedman_tree_tricks,
          lemuel_mausoleum_altar_yredelemnul

Notes
Turn   | Place    | Note
--------------------------------------------------------------
     0 | D:1      | GhostOklob, the Deep Dwarf Berserker, began the quest for the Orb.
     0 | D:1      | Reached XP level 1. HP: 20/20 MP: 1/1
    80 | D:1      | Reached XP level 2. HP: 24/27 MP: 2/2
   189 | D:2      | Found a shadowy altar of Dithmenos.
   226 | D:2      | Reached skill level 4 in Maces & Flails
   262 | D:3      | Reached XP level 3. HP: 23/33 MP: 3/3
   403 | D:3      | Acquired Trog's second power
   578 | D:3      | Reached skill level 5 in Maces & Flails
   578 | D:3      | Reached XP level 4. HP: 40/40 MP: 4/4
   804 | D:4      | Reached XP level 5. HP: 39/46 MP: 5/5
   818 | D:5      | Entered Level 5 of the Dungeon
   846 | D:5      | Noticed a sky beast
   872 | D:5      | Killed a sky beast
   872 | D:5      | Reached skill level 6 in Maces & Flails
  1045 | D:5      | Reached XP level 6. HP: 38/55 MP: 5/5
  1113 | D:5      | Reached skill level 7 in Maces & Flails
  1188 | D:6      | Reached skill level 8 in Maces & Flails
  1212 | D:6      | Reached XP level 7. HP: 39/61 MP: 6/6
  1237 | D:6      | Got a twisted robe
  1409 | D:7      | Reached skill level 9 in Maces & Flails
  1456 | D:7      | Found a staircase to the Ecumenical Temple.
  1655 | D:7      | Reached XP level 8. HP: 52/68 MP: 6/6
  1710 | D:7      | Reached skill level 10 in Maces & Flails
  1723 | D:7      | HP: 8/102 [poisoned by a killer bee]
  1725 | D:7      | HP: 3/68 [poisoned by a killer bee]
  2029 | D:8      | Reached skill level 11 in Maces & Flails
  2032 | D:8      | Found a basalt altar of Yredelemnul.
  2098 | D:8      | Reached skill level 3 in Fighting
  2126 | D:8      | HP: 6/68 [human zombie (5)]
  2127 | D:8      | HP: 1/68 [human zombie (3)]
  2127 | D:8      | Slain by a human zombie

Vanquished Creatures
  An orc warrior (D:8)
  2 sky beasts
  A necrophage (D:8)
  An ogre (D:6)
  A centaur (D:7)
  A giant frog (D:5)
  6 killer bees (D:7)
  A goliath beetle (D:8)
  3 human zombies (D:8)
  5 wights (D:7)
  A hound (D:5)
  An orc priest (D:8)
  2 jellies (D:7)
  2 orc wizards (D:6)
  4 worker ants
  An ogre skeleton (D:8)
  5 adders
  4 gnolls (D:3)
  2 giant mites
  2 shadow imps
  A worm (D:3)
  An adder zombie (D:7)
  2 giant geckos
  9 orcs
  5 bats
  3 giant cockroaches
  8 goblins
  5 hobgoblins
  3 kobolds
  2 oozes
  2 giant newts
  A hobgoblin skeleton (D:6)
  3 jackals (D:8)
  A quokka (D:7)
  3 rats (D:3)
95 creatures vanquished.
